 Dungeon Sprint DCSS version 0.18.1-50-g88ac8fd (webtiles) character file.

8033 lorenzova the Eclecticist (level 11, -6/59 HPs)
             Began as a Deep Elf Conjurer on Oct 16, 2016.
             Was the Champion of Sif Muna.
             Killed from afar by a Brimstone Fiend (46 damage)
             ... with damnation
             ... summoned by a deep elf demonologist
             ... in the Dungeon (Sprint III: "The Ten Rune Challenge").
             The game lasted 00:19:43 (2402 turns).

lorenzova the Eclecticist (Deep Elf Conjurer)       Turns: 2402, Time: 00:19:44

Health: -6/59      AC:  1    Str:  5    XL:     11   Next: 4%
Magic:  9/37       EV: 13    Int: 24    God:    Sif Muna [******]
Gold:   1252       SH:  0    Dex: 15    Spells: 7 memorised, 16 levels left

rFire  + . .     SeeInvis .     D - +2 short sword (drain)
rCold  . . .     Gourm    .     y - +0 robe {rF+}
rNeg   . . .     Faith    .     (no shield)
rPois  .         Spirit   .     (no helmet)
rElec  .         Dismiss  .     (no cloak)
rCorr  .         Reflect  .     (no gloves)
SustAt .         Harm     .     (no boots)
MR     +....     NoTele   +     (no amulet)
Stlth  ++........               (no ring)
                                (no ring)

@: deflect missiles, somewhat resistant to hostile enchantments, unstealthy
A: blink, deformed body, robust 1
a: Blink, Channel Energy, Forget Spell, Renounce Religion


You were in the Dungeon.
You worshipped Sif Muna.
Sif Muna was exalted by your worship.
You were not hungry.

You visited 1 branch You collected 1837 gold pieces.
You spent 585 gold pieces at shops.

Inventory:

Hand Weapons
 v - a +0 long sword of holy wrath
 D - a +2 short sword of draining (weapon)
Armour
 a - a +0 robe
 y - a +0 robe of fire resistance (worn)
Wands
 x - a wand of disintegration (11/24)
Scrolls
 i - a scroll of blinking
 j - a scroll of immolation {unknown}
 k - a scroll of amnesia {unknown}
 l - a scroll of remove curse
 o - a scroll of holy word {unknown}
 p - a scroll of identify {unknown}
Potions
 d - a potion of mutation
 e - a potion of heal wounds
 f - 2 potions of haste
 g - a potion of magic
 h - 2 potions of berserk rage
 n - a potion of lignification {unknown}
 r - 2 potions of cure mutation
 s - a potion of flight {unknown}
 u - a potion of curing
Books
 b - a book of Conjurations

   Spells                             Type                      Level
   a - Magic Dart                     Conjuration                  1
   b - Searing Ray                    Conjuration                  2
   c - Dazzling Spray                 Conjuration/Hexes            3
   d - Fulminant Prism                Conjuration/Hexes            4
   e - Iskenderun's Mystic Blast      Conjuration                  4
   f - Iskenderun's Battlesphere      Conjuration/Charms           5
 q - Sif Muna's Collected Works on Creation
   (Sif Muna gifted it to you in the Dungeon)

   Spells                             Type                      Level
   a - Call Canine Familiar           Summoning                    3
   b - Summon Lightning Spire         Summoning/Air                4
   c - Summon Greater Demon           Summoning                    7
 w - a book of Enchantments

   Spells                             Type                      Level
   a - Cause Fear                     Hexes                        4
   b - Yara's Violent Unravelling     Hexes/Transmutation          5
   c - Silence                        Hexes/Air                    5
   d - Deflect Missiles               Charms/Air                   6
   e - Haste                          Charms                       6
   f - Discord                        Hexes                        8
 z - Sif Muna's Compendium of Transmigration and Lightness
   (Sif Muna gifted it to you in the Dungeon)

   Spells                             Type                      Level
   a - Shock                          Conjuration/Air              1
   b - Static Discharge               Conjuration/Air              3
   c - Conjure Ball Lightning         Conjuration/Air              6
   d - Statue Form                    Transmutation/Earth          6
 A - a book of Power

   Spells                             Type                      Level
   a - Fulminant Prism                Conjuration/Hexes            4
   b - Iskenderun's Mystic Blast      Conjuration                  4
   c - Venom Bolt                     Conjuration/Poison           5
   d - Bolt of Magma                  Conjuration/Fire/Earth       5
   e - Iron Shot                      Conjuration/Earth            6
   f - Orb of Destruction             Conjuration                  7
   g - Spellforged Servitor           Conjuration/Summoning        7
 B - a book of the Tempests

   Spells                             Type                      Level
   a - Static Discharge               Conjuration/Air              3
   b - Lightning Bolt                 Conjuration/Air              5
   c - Fireball                       Conjuration/Fire             5
   d - Tornado                        Air                          9
   e - Shatter                        Earth                        9
Miscellaneous
 t - a stone of tremors
Comestibles
 c - a bread ration
 m - 2 royal jellies


   Skills:
 - Level 2.4 Dodging
 - Level 2.4 Stealth
 + Level 20.0 Spellcasting
 + Level 17.6 Conjurations
 * Level 12.9 Charms
 * Level 9.4 Air Magic


You had 16 spell levels left.
You knew the following spells:

 Your Spells              Type           Power        Failure   Level  Hunger
a - Magic Dart            Conj           ####         0%          1    None
b - Iskenderun's Battles  Conj/Chrm      #######.     1%          5    None
c - Iskenderun's Mystic   Conj           #######.     0%          4    None
g - Bolt of Magma         Conj/Fire/Erth ######....   6%          5    None
h - Deflect Missiles      Chrm/Air       ######....   3%          6    ###....
i - Haste                 Chrm           ######..     1%          6    ###....
o - Orb of Destruction    Conj           #######...   1%          7    #####..


Dungeon Overview and Level Annotations

Branches:
Dungeon (1/1)

Altars:
Cheibriados
Dithmenos
Elyvilon
Fedhas
Gozag
Kikubaaqudgha
Makhleb
Nemelex Xobeh
Okawaru
Pakellas
Qazlal
Ru
Sif Muna
Trog
Vehumet
Xom
Yredelemnul
Zin
The Shining One
Jiyva
Lugonu

Shops:
D :


Innate Abilities, Weirdness & Mutations

You can translocate small distances at will.
Armour fits poorly on your strangely shaped body.
You are robust (+10% HP).


Message History

Sif Muna grants you a gift!
Your Spellcasting skill increases to level 20!
Your Charms skill increases to level 12!
Your Air Magic skill gained 2 levels and is now at level 9!
You have reached level 11!
Casting: Orb of Destruction
Confirm with . or Enter, or press ? or * to list all spells.
Aiming: Orb of Destruction
Press: ? - help, Shift-Dir - straight line, f/p - deep elf demonologist
Aim: a deep elf demonologist, wielding a flail of holy wrath and wearing a runed robe The Brimstone Fiend gestures at you.
The damnation unfurls!
The damnation engulfs you!
You hear a shout! x2
The orb of destruction hits the Brimstone Fiend.
The Brimstone Fiend is severely wounded.
A deep elf high priest comes into view. It is wielding a rod of shadows.
The Brimstone Fiend gestures at you.
The damnation unfurls!
The damnation engulfs you!
Ouch! That really hurt!
You die...

▓▓▓▓▓ ▓▓▓▓▓
####...###...######## ###
#__#.#.#.#.#.['.#...# 4..'
#._#......).[##.#..%##≈≈≈≈#
#'##))......###.#:§§§§1ee..
...#))....).# #.#...##≈≈≈≈#
...#)#∩.#..## #.@...# .e'
##'#.##..### ####### #
...#)#####################
...#....#.#.#.....#......+
...##)#..#.##.###.#......#
...'##.#.#)##.#..)#......#
...#))†#.)#..##..'.......#
▓▓▓▓▓▓▓▓▓▓▓▓▓▓▓▓▓#.......#
#.......#


You could see a Brimstone Fiend, a deep elf demonologist and a sixfirhy.

Vanquished Creatures
  A deep elf blademaster (D)
  Erolcha (D)
  2 deep elf knights (D)
  An orc knight (D)
  4 deep elf magi (D)
  An orc sorcerer (D)
  2 redbacks (D)
  A spatial vortex (D)
  2 hill giants (D)
  2 orc warriors (D)
  A necrophage (D)
  3 two-headed ogres (D)
  A water elemental (D)
  A scorpion (D)
  An orc priest (D)
  A wizard (D)
  A jelly (D)
  6 orc wizards (D)
  Jessica (D)
  A necromancer (D)
  3 humans (D)
  A kobold demonologist (D)
  6 orcs (D)
  4 rats (D)
48 creatures vanquished.

Vanquished Creatures (others)
  2 draconian scorchers (D)
  2 yaktaurs (D)
  A shadow (D)
  3 fulminant prisms (D)
8 creatures vanquished.

Grand Total: 56 creatures vanquished

Notes
Turn   | Place    | Note
--------------------------------------------------------------
     0 | D        | lorenzova the Deep Elf Conjurer began the quest for the Orb.
     0 | D        | Reached XP level 1. HP: 10/10 MP: 6/6
    46 | D        | Noticed Jessica
    48 | D        | Killed Jessica
    48 | D        | Reached skill level 6 in Spellcasting
    48 | D        | Reached XP level 2. HP: 15/15 MP: 6/11
   114 | D        | Reached XP level 3. HP: 17/19 MP: 1/13
   190 | D        | Noticed a scorpion
   196 | D        | Learned a level 3 spell: Dazzling Spray
   207 | D        | Killed a scorpion
   207 | D        | Reached skill level 8 in Spellcasting
   207 | D        | Reached XP level 4. HP: 15/24 MP: 9/16
   252 | D        | Killed a white draconian scorcher
   257 | D        | Learned a level 4 spell: Iskenderun's Mystic Blast
   262 | D        | Learned a level 4 spell: Fulminant Prism
   297 | D        | Gained mutation: Armour fits poorly on your strangely shaped body. [potion of mutation]
   297 | D        | Gained mutation: You are robust (+10% HP). [potion of mutation]
   297 | D        | Gained mutation: You can translocate small distances at will. [potion of mutation]
   300 | D        | Noticed a water elemental
   305 | D        | Killed a water elemental
   305 | D        | Reached skill level 9 in Spellcasting
   305 | D        | Reached XP level 5. HP: 7/30 MP: 4/19
   359 | D        | Killed a yaktaur
   404 | D        | Killed a white draconian scorcher
   514 | D        | Reached skill level 10 in Spellcasting
   535 | D        | Killed a shadow
   535 | D        | Reached skill level 11 in Spellcasting
   535 | D        | Reached skill level 10 in Conjurations
   591 | D        | Found an oddly glowing altar of Pakellas.
   591 | D        | Found a stormy altar of Qazlal.
   591 | D        | Found a sacrificial altar of Ru.
   591 | D        | Found a burning altar of Makhleb.
   591 | D        | Found a shimmering altar of Xom.
   591 | D        | Noticed a spatial vortex
   592 | D        | Found a viscous altar of Jiyva.
   592 | D        | Found a shadowy altar of Dithmenos.
   592 | D        | Found a sparkling altar of Nemelex Xobeh.
   592 | D        | Found a corrupted altar of Lugonu.
   592 | D        | Found an opulent altar of Gozag.
   601 | D        | Killed a spatial vortex
   601 | D        | Reached skill level 12 in Spellcasting
   601 | D        | Reached XP level 6. HP: 35/35 MP: 1/23
   751 | D        | Learned a level 5 spell: Iskenderun's Battlesphere
   753 | D        | Found a glowing silver altar of Zin.
   753 | D        | Found a glowing golden altar of the Shining One.
   753 | D        | Found a white marble altar of Elyvilon.
   754 | D        | Noticed a deep elf mage
   759 | D        | Killed a deep elf mage
   759 | D        | Reached skill level 14 in Spellcasting
   759 | D        | Reached XP level 7. HP: 22/39 MP: 9/27
   893 | D        | Found a radiant altar of Vehumet.
   893 | D        | Found a deep blue altar of Sif Muna.
   893 | D        | Found an ancient bone altar of Kikubaaqudgha.
   894 | D        | Reached skill level 15 in Spellcasting
   904 | D        | Became a worshipper of Sif Muna the Loreminder
   912 | D        | Found an iron altar of Okawaru.
   912 | D        | Found a bloodstained altar of Trog.
   912 | D        | Noticed a human
   916 | D        | Noticed a human
   916 | D        | Killed a human
   916 | D        | Killed a human
   916 | D        | Reached * piety under Sif Muna
   916 | D        | Reached XP level 8. HP: 45/45 MP: 5/29
  1012 | D        | Found a basalt altar of Yredelemnul.
  1012 | D        | Found a snail-covered altar of Cheibriados.
  1012 | D        | Found a blossoming altar of Fedhas.
  1088 | D        | Reached ** piety under Sif Muna
  1088 | D        | Reached skill level 16 in Spellcasting
  1126 | D        | Killed a yaktaur
  1291 | D        | Noticed Erolcha
  1316 | D        | Reached *** piety under Sif Muna
  1319 | D        | Noticed an orc sorcerer
  1319 | D        | Reached skill level 15 in Conjurations
  1320 | D        | Killed an orc sorcerer
  1320 | D        | Reached **** piety under Sif Muna
  1320 | D        | Reached skill level 17 in Spellcasting
  1320 | D        | Reached XP level 9. HP: 49/49 MP: 3/32
  1515 | D        | Noticed an orc knight
  1519 | D        | Killed an orc knight
  1519 | D        | Reached ***** piety under Sif Muna
  1519 | D        | Reached skill level 18 in Spellcasting
  1611 | D        | Found Impury's Book Emporium.
  1708 | D        | Bought a book of Power for 585 gold pieces
  1719 | D        | Learned a level 7 spell: Orb of Destruction
  1725 | D        | Learned a level 5 spell: Bolt of Magma
  1732 | D        | Learned a level 6 spell: Deflect Missiles
  1739 | D        | Learned a level 6 spell: Haste
  1762 | D        | Killed Erolcha
  1762 | D        | Reached ****** piety under Sif Muna
  1762 | D        | Received a gift from Sif Muna
  1762 | D        | Reached skill level 5 in Charms
  1940 | D        | Reached skill level 19 in Spellcasting
  1968 | D        | Identified Sif Muna's Collected Works on Creation (Sif Muna gifted it to you in the Dungeon)
  2004 | D        | Reached XP level 10. HP: 41/55 MP: 19/35
  2073 | D        | Noticed a deep elf mage
  2073 | D        | Noticed a deep elf mage
  2073 | D        | Noticed a deep elf knight
  2073 | D        | Noticed a deep elf knight
  2073 | D        | Noticed a deep elf mage
  2082 | D        | Killed a deep elf knight
  2082 | D        | Received a gift from Sif Muna
  2082 | D        | Reached skill level 5 in Air Magic
  2083 | D        | Identified Sif Muna's Compendium of Transmigration and Lightness (Sif Muna gifted it to you in the Dungeon)
  2085 | D        | Killed a deep elf knight
  2088 | D        | Killed a deep elf mage
  2088 | D        | Received a gift from Sif Muna
  2088 | D        | Reached skill level 10 in Charms
  2093 | D        | Killed a deep elf mage
  2189 | D        | Killed a deep elf mage
  2387 | D        | Noticed a deep elf demonologist
  2387 | D        | Noticed a deep elf high priest
  2388 | D        | Noticed a deep elf demonologist
  2391 | D        | Noticed a deep elf blademaster
  2398 | D        | Noticed a Brimstone Fiend
  2399 | D        | Killed a deep elf blademaster
  2399 | D        | Received a gift from Sif Muna
  2399 | D        | Reached skill level 20 in Spellcasting
  2399 | D        | Reached XP level 11. HP: 59/59 MP: 16/37
  2401 | D        | Noticed a cacodemon
  2402 | D        | Noticed a deep elf high priest
  2402 | D        | Killed from afar by a Brimstone Fiend

Skill      XL: |  1  2  3  4  5  6  7  8  9 10 |
---------------+-------------------------------+-----
Spellcasting   | 6 8 9 12 14 15 17 19 20 | 20.0
Conjurations   | 6 7 8 9 11 13 15 16 17 | 17.6
Charms         | 6 12 | 12.9
Air Magic      | 4 9 |  9.4
Dodging        | |  2.4
Stealth        | |  2.4

Action                   |  1- 3 |  4- 6 |  7- 9 | 10-12 || total
-------------------------+-------+-------+-------+-------++-------
Melee: Unarmed           |       |     1 |       |       ||     1
       Long sword        |       |       |     3 |       ||     3
 Cast: Magic Dart        |    21 |     8 |    17 |     7 ||    53
       Dazzling Spray    |     2 |     8 |     6 |     2 ||    18
       Fulminant Prism   |       |     3 |       |       ||     3
       Iskenderun's Myst |       |     3 |    21 |     3 ||    27
       Iskenderun's Batt |       |     1 |    15 |     2 ||    18
       Orb of Destructio |       |       |     4 |     5 ||     9
       Deflect Missiles  |       |       |       |     1 ||     1
Invok: Forget Spell      |       |       |       |     2 ||     2
  Use: Potion            |     2 |     1 |       |       ||     3
       Scroll            |       |       |       |     1 ||     1
 Stab: Invisible         |       |       |     1 |       ||     1
  Eat: Chunk             |       |       |     3 |       ||     3
       Meat ration       |       |       |     1 |       ||     1
Dodge: Dodged            |     9 |     4 |    10 |       ||    23
